Map: Eternal Empire LE

Players

soul - Winner!

  • Race: Terran Terran
  • League: Grandmaster
  • Spawn Location: 1:00

Srade

  • Race: Zerg Zerg
  • League: Master
  • Spawn Location: 7:00

VOD

Have the link to the VOD?

Description

Time

  • Played on: Aug. 17, 2020, 12:28 p.m.
  • Length: 5:36
Show
View Real Time Build Order
Export as new Build Order

soul Terran - Winner!

Build Orders:  

Get SALT Encoding   

  12  0:00  SCV  
  13  0:16  Supply Depot  
  13  0:18  SCV  
  14  0:30  SCV  
  15  0:40  Barracks  
  15  1:01  Barracks  
  15  1:07  Barracks  
  15  1:08  SCV  
  16  1:27  Marine  
  16  1:28  Orbital Command  
  17  1:37  Barracks  
  17  1:46  Marine  
  18  1:48  Marine  
  19  1:57  Barracks  
  19  2:02  Marine  
  20  2:09  Supply Depot  
  20  2:10  Marine  
  20  2:13  Marine  
  22  2:20  Marine  
  23  2:30  Marine x2  
  23  2:31  Supply Depot  
  23  2:33  Marine  
  26  2:38  Marine  
  27  2:47  Marine  
  27  2:48  Marine x2  
  30  2:52  Marine  
  30  2:56  Marine  
  29  3:04  Marine  
  28  3:06  Marine  
  28  3:07  Marine  
  28  3:09  SCV  
  28  3:11  Marine  
  32  3:14  Marine  
  33  3:22  Marine  
  33  3:23  Marine  
  33  3:25  Marine  
  36  3:31  Supply Depot, Marine  
  37  3:34  Marine  
  37  3:40  Marine  
  39  3:45  Marine x2  
  35  3:48  Marine  
  35  3:52  Marine  
  35  3:58  Marine  
  33  4:03  Marine x2  
  33  4:06  Marine  
  33  4:10  Marine  
  33  4:16  Marine  
  34  4:20  Marine  
  34  4:21  Marine  
  36  4:26  Marine  
  36  4:30  Marine  
  33  4:35  Marine  
  34  4:39  Marine  
  35  4:47  Marine  
  35  4:52  Marine  
  37  4:58  Marine  
  34  5:05  Marine  
  28  5:12  Marine  
  27  5:14  Marine  
Show
View Real Time Build Order
Export as new Build Order

Srade Zerg 

Build Orders: Hatch First 

Get SALT Encoding   

  12  0:00  Drone  
  13  0:16  Overlord  
  13  0:20  Drone  
  14  0:34  Drone x2  
  16  0:50  Hatchery  
  16  0:52  Drone  
  16  0:55  Drone  
  17  1:00  Drone  
  18  1:10  Extractor  
  17  1:15  Spawning Pool  
  17  1:18  Drone  
  17  1:22  Drone  
  18  1:31  Drone  
  19  1:44  Drone  
  20  1:54  Overlord  
  20  2:02  Queen x2  
  20  2:03  Zergling x2  
  20  2:04  Zergling x2  
  26  2:15  Metabolic Boost  
  26  2:16  Spine Crawler  
  26  2:20  Zergling x2  
  26  2:29  Zergling x4  
  28  2:34  Zergling x2  
  28  2:48  Zergling x6  
  29  3:02  Queen  
  29  3:17  Queen  
  31  3:20  Zergling x6  
  35  3:27  Zergling x2  
  35  3:29  Overlord  
  35  3:37  Spine Crawler, Zergling x2  
  33  3:50  Zergling x8  
  37  4:02  Zergling x2  
  36  4:03  Zergling x6  
  35  4:13  Zergling x2  
  35  4:19  Zergling x2  
  35  4:21  Queen  
  31  4:38  Zergling x4  
  33  4:39  Zergling x8  
  37  4:51  Zergling x4  
  39  4:55  Zergling x2  
  36  5:02  Zergling x2  
  31  5:11  Zergling x2  
  31  5:12  Zergling x2  
  25  5:17  Zergling x2  
Tags
 
Add a new tag
Caveats
  • Supply blocks, unpowered buildings, or Contaminate may cause inaccurate times.
  • Supply counts are checked every 10 seconds.